[Event "Team 45 45 League T61"]
[Site "Internet Chess Club"]
[Date "2014.06.02"]
[Round "1"]
[White "jjimalo"]
[Black "PaulaR"]
[Result "0-1"]
[WhiteElo "1908"]
[BlackElo "1752"]
[Opening "French: King's Indian attack"]
[ECO "C00"]
[Time "11:12:45"]
[TimeControl "2700+45"]

1. e4 e6 2. d3 d5 3. Nd2 Nf6 4. g3 c5 5. Bg2 Nc6 6. Ngf3 Be7 7. O-O O-O 8. Qe2
d4 9. a4 e5 10. Nc4 Qc7 11. Nh4 Bg4 12. f3 Be6 13. Nf5 Rae8 14. g4 Nd7 15. Qf2
Nb6 16. b3 Nxc4 17. bxc4 Kh8 18. Qg3 Nb4 19. Rf2 Rd8 20. Nxe7 Qxe7 21. Qxe5 Rfe8
22. Qg3 Bd7 23. f4 Bc6 24. f5 Qd7 25. a5 Ba4 26. e5 Bxc2 27. Be4 Ba4 28. f6 g6
29. Qf4 Bd1 30. h3 Bc2 31. Rf3 Rg8 32. Qh6 Qe8 33. Rf5 gxf5 34. Bxf5 Rg6 35.
Bxg6 Qg8 36. Be4 Bxd3 37. Bxb7 Rd7 38. Bd5 Nxd5 39. cxd5 Rxd5 40. Ba3 Rxe5 41.
Rc1 c4 42. Qf4 Re4 43. Qd6 h5 44. Qd5 hxg4 45. h4 Qg6 46. Qd8+ Kh7 47. Bf8 Re3
48. Bg7 Rg3+ 49. Kh2 Rh3+ 50. Kg1 Qe4 51. Qh8+ Kg6 52. Qh6+ Kf5 53. Qh7+ Kf4 54.
Bh6+ Kg3 {White resigns} 0-1

[Event "Team 45 45 League T61"]
[Site "Internet Chess Club"]
[Date "2014.05.31"]
[Round "1"]
[White "cyborg86"]
[Black "willhelm"]
[Result "1-0"]
[WhiteElo "2054"]
[BlackElo "1918"]
[Opening "Giuoco Piano"]
[ECO "C54"]
[Time "10:58:27"]
[TimeControl "2700+45"]

1. e4 e5 2. Nf3 Nc6 3. Bc4 Bc5 4. c3 Nf6 5. d3 a6 6. Bb3 d6 7. O-O Ba7 8. Nbd2
O-O 9. h3 Qe7 10. Re1 Be6 11. Nf1 Bxb3 12. axb3 Nd7 13. Ng3 f6 14. Nf5 Qf7 15.
N3h4 Kh8 16. Be3 Nc5 17. b4 Ne6 18. Qg4 Bxe3 19. fxe3 Rad8 20. d4 d5 21. exd5
Rxd5 22. e4 Rdd8 23. d5 {Black resigns} 1-0

[Event "Team 45 45 League T61"]
[Site "Internet Chess Club"]
[Date "2014.05.31"]
[Round "1"]
[White "Baspofsky"]
[Black "tamtu"]
[Result "1/2-1/2"]
[WhiteElo "1936"]
[BlackElo "1953"]
[Opening "QGD Slav: Dutch variation"]
[ECO "D18"]
[Time "21:00:13"]
[TimeControl "2700+45"]

1. d4 d5 2. c4 c6 3. Nf3 Nf6 4. Nc3 dxc4 5. a4 Bf5 6. e3 e6 7. Bxc4 Bb4 8. O-O
Nbd7 9. Qe2 Bg6 10. e4 Bxc3 11. bxc3 Nxe4 12. Ba3 Qa5 13. Bb4 Qh5 14. a5 a6 15.
Bd3 Nef6 16. c4 c5 17. dxc5 Nxc5 18. Bxg6 hxg6 19. Qe5 Qxe5 20. Nxe5 Ncd7 21. f4
Rh4 22. g3 Rh5 23. Rae1 Nxe5 24. fxe5 Ng4 25. Bd6 Nxh2 26. Rf4 g5 27. Rf2 Ng4
28. Rb2 O-O-O 29. Reb1 Rdh8 30. Rxb7 Rh1+ 31. Kg2 R8h2+ 32. Kf3 Rxb1 33. Rxb1
Nh6 34. Rb8+ Kd7 35. Rb7+ Ke8 36. Rb8+ Kd7 37. Rb7+ Kc8 38. Ra7 g4+ 39. Kf4 Rf2+
40. Ke3 Rf3+ 41. Kd4 Nf5+ 42. Kc5 Rxg3 43. Kb6 Rb3+ 44. Kc6 Nd4+ 45. Kc5 Rd3 46.
Rxf7 Nf5 47. Kc6 Nd4+ 48. Kc5 g6 49. Rf8+ Kd7 50. Rf7+ Ke8 51. Rf8+ Kd7 52. Rf7+
Ke8 53. Rf8+ Kd7 {Game drawn by repetition} 1/2-1/2

[Event "Team 45 45 League T61"]
[Site "Internet Chess Club"]
[Date "2014.05.30"]
[Round "1"]
[White "LazyPeon"]
[Black "Atwode"]
[Result "0-1"]
[WhiteElo "1866"]
[BlackElo "1829"]
[Opening "Pirc: classical system, 5.Be2"]
[ECO "B08"]
[Time "17:01:21"]
[TimeControl "2700+45"]

1. d4 d6 2. e4 Nf6 3. Nc3 g6 4. Nf3 Bg7 5. Be2 O-O 6. O-O Bg4 7. h3 Bxf3 8. Bxf3
Nc6 9. Be3 e5 10. dxe5 dxe5 11. Qxd8 Rfxd8 12. Nb5 Ne8 13. Rad1 a6 14. Rxd8 Rxd8
15. Nc3 Nd4 16. Bd1 c6 17. Ne2 Nd6 18. f3 Nc4 19. Bc1 Bf8 20. c3 Nxe2+ 21. Bxe2
Bc5+ 22. Kh1 Nxb2 23. Bg5 Rd7 24. Rb1 Na4 25. Bh6 Nxc3 26. Rc1 Nxe2 27. Rxc5 f6
28. Rc2 Nd4 29. Rb2 b5 30. a4 c5 31. axb5 axb5 32. Be3 c4 33. Kg1 c3 34. Rb1 c2
35. Rc1 {White resigns} 0-1

[Event "Team 45 45 League T61"]
[Site "Internet Chess Club"]
[Date "2014.06.03"]
[Round "1"]
[White "alexping"]
[Black "fhunfi"]
[Result "0-1"]
[WhiteElo "1861"]
[BlackElo "1938"]
[Opening "Dutch defense, Rubinstein variation"]
[ECO "A40"]
[Time "12:12:41"]
[TimeControl "2700+45"]

1. d4 e6 2. c4 f5 3. Nc3 Nf6 4. e3 d6 5. Bd3 g6 6. Nge2 Bg7 7. O-O O-O 8. f3 Nc6
9. a3 e5 10. d5 Ne7 11. e4 f4 12. b4 g5 13. h3 Ng6 14. c5 h5 15. Kf2 g4 16. fxg4
hxg4 17. Ng1 Nh5 18. Ke1 Qh4+ 19. Kd2 f3 20. hxg4 Nhf4 21. gxf3 Qh2+ 22. Nce2
Bh6 23. Kc3 Bd7 24. Bxf4 Nxf4 25. Nxf4 Qxf4 26. Qe2 a5 27. cxd6 cxd6 28. Kb3
Rfc8 29. Nh3 Qf8 30. a4 axb4 31. Bb5 Rc3+ 32. Kxb4 Qc8 33. Qc4 Rxc4+ 34. Bxc4
Bd2+ 35. Kb3 Bxa4+ {White resigns} 0-1

[Event "Team 45 45 League T61"]
[Site "Internet Chess Club"]
[Date "2014.05.30"]
[Round "1"]
[White "RamRock"]
[Black "bobhill"]
[Result "0-1"]
[WhiteElo "1728"]
[BlackElo "1934"]
[Opening "Sicilian defense"]
[ECO "B20"]
[Time "23:06:56"]
[TimeControl "2700+45"]

1. e4 c5 2. d3 Nc6 3. g3 g6 4. Bg2 Bg7 5. f4 Nf6 6. Nf3 d6 7. O-O O-O 8. c3 Qb6
9. Nbd2 Bg4 10. Nc4 Qa6 11. Ne3 Bd7 12. Re1 b5 13. Nd5 Rac8 14. Be3 b4 15. c4
Ng4 16. Bc1 e6 17. Ne3 Nxe3 18. Rxe3 Nd4 19. e5 Ba4 20. Qd2 Nc2 21. b3 Nxe3 22.
Qxe3 Bxb3 23. Bb2 Ba4 24. Ng5 Bc6 25. Bxc6 Qxc6 26. Ne4 d5 27. Nd6 Rcd8 28. Rb1
d4 29. Qe4 Qa4 30. Ra1 Qc2 31. Bc1 Rb8 32. Nb7 Rfc8 33. Na5 Rb6 34. h4 Bf8 35.
Kf1 Qd1+ 36. Kf2 Be7 37. Qe2 Qh1 38. Qf3 Qh3 39. Qg2 Qxg2+ 40. Kxg2 Ra6 41. Nb3
Ra4 42. a3 Rb8 43. axb4 Rxa1 44. Nxa1 Rxb4 45. Ba3 Rb1 46. Nc2 Rb3 47. Kf2 Rxd3
48. Ke2 Rxg3 49. Kf2 Rc3 {White resigns} 0-1

[Event "Team 45 45 League T61"]
[Site "Internet Chess Club"]
[Date "2014.05.31"]
[Round "1"]
[White "Beetlejuice"]
[Black "hewdondada"]
[Result "0-1"]
[WhiteElo "1824"]
[BlackElo "1764"]
[Opening "QGD Slav: 4.e3 Bf5"]
[ECO "D12"]
[Time "10:00:27"]
[TimeControl "2700+45"]

1. d4 d5 2. c4 c6 3. Nf3 Nf6 4. e3 Bf5 5. Nc3 e6 6. Nh4 Bg4 7. Qb3 Qb6 8. h3 Bh5
9. g4 Bg6 10. Nxg6 hxg6 11. g5 Qxb3 12. axb3 Nfd7 13. e4 dxe4 14. Nxe4 Na6 15.
Bf4 Rh4 16. Nd6+ Bxd6 17. Bxd6 Rxd4 18. Bg3 Nb4 19. Ke2 Nc5 20. f3 Rad8 21. Be1
Nc2 22. Rxa7 Nxe1 23. Kxe1 R8d7 24. h4 Nxb3 25. h5 gxh5 26. Rxh5 Nd2 27. Be2
Nxc4 28. b4 Ne3 29. b5 c5 30. g6 b6 31. gxf7+ Kxf7 32. Ra6 Ng2+ 33. Kf1 Nf4 34.
Rh8 Nxe2 35. Kxe2 Rb7 36. Rc8 Rb4 {White resigns} 0-1

[Event "Team 45 45 League T61"]
[Site "Internet Chess Club"]
[Date "2014.05.31"]
[Round "1"]
[White "Timotheous"]
[Black "misuc56"]
[Result "1-0"]
[WhiteElo "1777"]
[BlackElo "1797"]
[Opening "English opening: Agincourt variation"]
[ECO "A13"]
[Time "12:00:13"]
[TimeControl "2700+45"]

1. Nf3 d5 2. c4 e6 3. b3 f5 4. Bb2 c6 5. g3 Nf6 6. d3 Bd6 7. Qc2 Nbd7 8. Bg2 Qe7
9. O-O O-O 10. Nbd2 e5 11. e4 fxe4 12. dxe4 d4 13. Ne1 c5 14. Nd3 b6 15. f4 Bb7
16. f5 a6 17. Nf2 b5 18. Rae1 Nb6 19. g4 h6 20. Bc1 Nh7 21. Nf3 bxc4 22. bxc4
Bc8 23. h4 Bd7 24. g5 h5 25. g6 Nf6 26. Bg5 Qe8 27. Bxf6 Rxf6 28. Ng5 Ba4 29.
Qe2 Nd7 30. Qxh5 Nf8 31. Ng4 Be7 32. Nxf6+ Bxf6 33. Nh7 Qe7 34. Nxf6+ gxf6 35.
Qe2 Qg7 36. h5 Qh6 37. Rf2 Rd8 38. Bf3 Rb8 39. Qd2 Kg7 40. Qxh6+ Kxh6 41. Rg2
Be8 42. g7 Bg6 {Black resigns} 1-0

[Event "Team 45 45 League T61"]
[Site "Internet Chess Club"]
[Date "2014.06.01"]
[Round "1"]
[White "santiagoelawad"]
[Black "chess9397"]
[Result "1/2-1/2"]
[WhiteElo "1922"]
[BlackElo "1714"]
[Opening "English opening"]
[ECO "A05"]
[Time "20:36:11"]
[TimeControl "2700+45"]

1. Nf3 Nf6 2. c4 g6 3. Nc3 d5 4. cxd5 Nxd5 5. e4 Nxc3 6. dxc3 Qxd1+ 7. Kxd1 Bg7
8. Kc2 O-O 9. Bc4 Nc6 10. Bf4 Bg4 11. Bxc7 Rac8 12. Bf4 Bxf3 13. gxf3 Nd4+ 14.
Kd3 Nxf3 15. Bb3 Rfd8+ 16. Ke2 Ne5 17. Rhd1 b5 18. Rxd8+ Rxd8 19. Rd1 Rxd1 20.
Bxd1 Nc4 21. Bc1 f5 22. exf5 gxf5 23. a4 a6 24. Bb3 Kf8 25. Bc2 e6 26. b3 Nb6
27. axb5 axb5 28. Bd2 Nd5 29. c4 bxc4 30. bxc4 Nc3+ 31. Kd3 Ne4 32. Be3 Ke7 33.
f3 Nd6 34. Ba4 Kd8 35. Bb6+ Kc8 36. c5 Nb7 37. Bb5 Be5 38. Ba6 Bc7 39. Bxb7+
Kxb7 40. Bxc7 Kxc7 41. Kd4 Kc6 42. Ke5 Kxc5 43. Kxe6 f4 44. Ke5 Kc6 45. Kxf4 Kd6
46. Kf5 Ke7 47. h4 Kf7 48. h5 Ke7 49. Kg5 Kf7 50. Kf5 Ke7 51. Ke5 Kf7 52. f4 Ke7
53. Kf5 Kf7 54. Kg5 Kg7 55. Kf5 Kf7 56. Ke5 Ke7 57. f5 Kf7 58. f6 Ke8 59. Kf4
Kf8 60. Kf5 Kf7 61. Ke5 Ke8 62. Ke6 Kf8 63. Kd6 Kf7 64. Ke5 Ke8 {Game drawn by
repetition} 1/2-1/2

[Event "Team 45 45 League T61"]
[Site "Internet Chess Club"]
[Date "2014.05.31"]
[Round "1"]
[White "DouDou"]
[Black "wildkingdumb"]
[Result "0-1"]
[WhiteElo "1758"]
[BlackElo "1666"]
[Opening "Ruy Lopez: closed, Flohr-Zaitsev system (Lenzerheide variation)"]
[ECO "C92"]
[Time "11:00:33"]
[TimeControl "2700+45"]

1. e4 e5 2. Nf3 Nc6 3. Bb5 a6 4. Ba4 Nf6 5. O-O Be7 6. Re1 b5 7. Bb3 d6 8. c3
O-O 9. h3 Bb7 10. d4 Na5 11. Bc2 exd4 12. cxd4 h6 13. d5 c6 14. dxc6 Nxc6 15.
Nc3 Re8 16. Nd5 Bf8 17. b3 Nxd5 18. exd5 Nb4 19. Rxe8 Qxe8 20. Bb1 Bxd5 21. Ba3
Bxf3 22. Qxf3 Qe1+ 23. Kh2 Qe5+ 24. g3 d5 25. Bxb4 Bxb4 26. Qf5 Qxa1 27. Qh7+
Kf8 28. Qh8+ Ke7 29. Qxa8 Qxb1 30. Qb7+ Ke6 31. Qc6+ Bd6 32. Qe8+ Be7 33. Qc6+
Bd6 34. Qe8+ Kf6 35. Qd8+ Be7 36. Qb6+ Ke5 37. Qb8+ Bd6 38. Qe8+ Kf6 39. Qd8+
Be7 40. Qb6+ Kf5 41. g4+ Kg5 42. Qe3+ Kg6 43. Qxe7 Qxa2 44. Qe3 Qc2 45. h4 Qe4
46. Kg3 Qxe3+ 47. fxe3 Kf6 48. Kf2 Ke5 49. Ke2 Ke4 50. b4 d4 51. exd4 Kxd4
{White resigns} 0-1

[Event "Team 45 45 League T61"]
[Site "Internet Chess Club"]
[Date "2014.05.28"]
[Round "1"]
[White "justice02"]
[Black "stevyk6"]
[Result "0-1"]
[WhiteElo "1773"]
[BlackElo "1661"]
[Opening "Grünfeld: Three knights variation"]
[ECO "D90"]
[Time "20:30:22"]
[TimeControl "2700+45"]

1. c4 Nf6 2. d4 g6 3. Nc3 d5 4. Nf3 Bg7 5. g3 Bf5 6. Bg2 Nbd7 7. cxd5 c5 8. Ne5
cxd4 9. Qxd4 Nxe5 10. Qxe5 O-O 11. O-O Ne4 12. Qf4 Nxc3 13. bxc3 Bxc3 14. e4
Bxa1 15. exf5 e5 16. Qg4 Qf6 17. Be4 Bd4 18. Bg5 Qd6 19. f6 h5 20. Qh4 Rfd8 21.
Bh6 Qb4 22. Qg5 Bxf2+ 23. Rxf2 Qxe4 24. Bg7 Rxd5 25. Qh6 Rd1+ 26. Rf1 Qd4+ 27.
Kg2 Rd2+ {White resigns} 0-1

[Event "Team 45 45 League T61"]
[Site "Internet Chess Club"]
[Date "2014.05.31"]
[Round "1"]
[White "hood"]
[Black "fishhead"]
[Result "0-1"]
[WhiteElo "1928"]
[BlackElo "1923"]
[Opening "Sicilian: Najdorf, Opocensky variation"]
[ECO "B92"]
[Time "12:13:10"]
[TimeControl "2700+45"]

1. e4 c5 2. Nf3 d6 3. d4 cxd4 4. Nxd4 Nf6 5. Nc3 a6 6. Be2 e5 7. Nb3 Be7 8. Be3
Be6 9. O-O Nbd7 10. f3 Qc7 11. Qd2 b5 12. a4 b4 13. Nd5 Nxd5 14. exd5 Bf5 15.
Bd3 Bxd3 16. Qxd3 O-O 17. f4 Rfc8 18. Rfc1 exf4 19. Bxf4 Bf6 20. Rab1 Ne5 21.
Bxe5 Bxe5 22. Nd2 Qa5 23. b3 Rc3 24. Qe4 Rac8 25. Nc4 Qc5+ 26. Kh1 f6 27. Rd1 g6
28. Rd2 a5 29. Rf1 f5 30. Qe2 Rxc4 31. Qxc4 Qxc4 32. bxc4 Rxc4 33. Rf3 Re4 34.
g3 Re1+ 35. Kg2 Ra1 36. Re3 Kf7 37. Rde2 Rxa4 38. Rxe5 dxe5 39. Rxe5 Ra2 40. d6
Rxc2+ 41. Kg1 b3 42. d7 b2 43. Rb5 Ke7 44. Rb7 Rc1+ 45. Kg2 b1=Q 46. Rxb1 Rxb1
{White resigns} 0-1

[Event "Team 45 45 League T61"]
[Site "Internet Chess Club"]
[Date "2014.06.03"]
[Round "1"]
[White "rookmaster23"]
[Black "oldsj"]
[Result "1-0"]
[WhiteElo "1641"]
[BlackElo "1639"]
[Opening "Ruy Lopez: open, 7.Bb3"]
[ECO "C80"]
[Time "09:02:28"]
[TimeControl "2700+45"]

1. e4 e5 2. Nf3 Nc6 3. Bb5 a6 4. Ba4 Nf6 5. O-O Nxe4 6. d4 b5 7. Bb3 d5 8. Nxe5
Nxe5 9. dxe5 Be6 10. Nd2 Nc5 11. Nf3 Nxb3 12. axb3 c5 13. Ng5 Bf5 14. Re1 Be7
15. Nf3 O-O 16. Bd2 Bg4 17. h3 Bh5 18. e6 Bxf3 19. Qxf3 fxe6 20. Qg4 Bf6 21.
Rxe6 Bd4 22. Be3 Bxe3 23. Rxe3 d4 24. Rg3 Qe7 25. Rd1 Rf6 26. c3 Raf8 27. Rd2
Qe1+ 28. Kh2 Qxd2 29. Qxg7# {Black checkmated} 1-0

[Event "Team 45 45 League T61"]
[Site "Internet Chess Club"]
[Date "2014.06.01"]
[Round "1"]
[White "stanbeers"]
[Black "sdcohle"]
[Result "1-0"]
[WhiteElo "1509"]
[BlackElo "1421"]
[Opening "Old Indian defense"]
[ECO "A42"]
[Time "20:00:16"]
[TimeControl "2700+45"]

1. d4 d6 2. c4 c6 3. Nf3 Bg4 4. g3 Qc7 5. Bg2 e5 6. O-O Nf6 7. Nc3 Be7 8. e4 O-O
9. Be3 Nbd7 10. Rc1 a6 11. Qc2 Bxf3 12. Bxf3 c5 13. dxc5 dxc5 14. Rfd1 Rad8 15.
Nd5 Nxd5 16. cxd5 Nf6 17. Bxc5 Rc8 18. d6 Bxd6 19. Rxd6 b6 20. Rxb6 Qxb6 21.
Bxb6 Rxc2 22. Rxc2 h6 23. Ba5 Rb8 24. b4 Ne8 25. a3 f6 26. Bg2 Nd6 27. f3 Nb5
28. a4 Nd4 29. Rd2 Nb3 30. Rd8+ Rxd8 31. Bxd8 Kf7 32. Bf1 Ke8 33. Ba5 Nxa5 34.
bxa5 Kd7 35. Bxa6 Kc6 36. Bb5+ Kb7 37. a6+ Kb6 38. Kf2 g5 39. Ke3 h5 40. g4 hxg4
41. fxg4 Ka7 42. Kd3 Kb6 43. Kc4 f5 44. gxf5 g4 45. a5+ Ka7 46. f6 g3 47. hxg3
Ka8 48. f7 Kb8 49. f8=Q+ Ka7 50. Qc5+ Ka8 51. Qc6+ Kb8 52. Qb7# {Black
checkmated} 1-0

[Event "Team 45 45 League T61"]
[Site "Internet Chess Club"]
[Date "2014.06.01"]
[Round "1"]
[White "GideonL"]
[Black "unclevinny"]
[Result "1-0"]
[WhiteElo "1468"]
[BlackElo "1414"]
[Opening "Sicilian"]
[ECO "B56"]
[Time "15:00:21"]
[TimeControl "2700+45"]

1. e4 c5 2. Nf3 d6 3. d4 cxd4 4. Nxd4 Nf6 5. Nc3 Nc6 6. Be3 a6 7. Bd3 e6 8. O-O
Be7 9. f4 O-O 10. f5 e5 11. Nb3 b5 12. a3 Bb7 13. h4 d5 14. exd5 Nxd5 15. Nxd5
Qxd5 16. f6 Bxf6 17. Bxh7+ {Black resigns} 1-0

[Event "Team 45 45 League T61"]
[Site "Internet Chess Club"]
[Date "2014.05.31"]
[Round "1"]
[White "JRussell2"]
[Black "fuzzface"]
[Result "0-1"]
[WhiteElo "1504"]
[BlackElo "1341"]
[Opening "Queen's pawn game"]
[ECO "D02"]
[Time "10:00:25"]
[TimeControl "2700+45"]

1. Nf3 d5 2. d4 Bg4 3. g3 Bxf3 4. exf3 Nf6 5. Bg2 e6 6. Nc3 Bb4 7. O-O c5 8. Be3
b6 9. dxc5 Bxc5 10. Bxc5 bxc5 11. Re1 O-O 12. Ne2 Qb6 13. b3 Nbd7 14. Nc3 Rac8
15. Na4 Qb8 16. Qd3 c4 17. Qe3 Rfe8 18. Rab1 Qc7 19. Rbc1 Qa5 20. Nb2 Rc7 21. a4
Rec8 22. Qd2 {White resigns} 0-1

[Event "Team 45 45 League T61"]
[Site "Internet Chess Club"]
[Date "2014.05.29"]
[Round "1"]
[White "LN09102Q"]
[Black "Mitochondria"]
[Result "0-1"]
[WhiteElo "1564"]
[BlackElo "1503"]
[Opening "French: Tarrasch, closed variation"]
[ECO "C05"]
[Time "22:32:07"]
[TimeControl "2700+45"]

1. e4 e6 2. d4 d5 3. Nd2 Nf6 4. e5 Nfd7 5. Ngf3 c5 6. c3 Nc6 7. Bb5 Qb6 8. Ba4
Be7 9. O-O O-O 10. Re1 cxd4 11. cxd4 Nxd4 12. Nxd4 Qxd4 13. Bc2 Bc5 14. Qe2 Qh4
15. Nf3 Qh5 16. Bd2 Nb6 17. b3 Bd7 18. Qd1 Rac8 19. Rc1 Rc6 20. Bb1 Rfc8 21. Qe2
Bf8 22. Rxc6 Rxc6 23. Rc1 g6 24. Rxc6 Bxc6 25. Bd3 Bh6 26. Bxh6 Qxh6 27. h3 Nd7
28. Bb5 Qc1+ 29. Kh2 Qf4+ 30. Kh1 Qc1+ 31. Kh2 Nxe5 32. Nxe5 Bxb5 33. Qxb5 Qf4+
34. Kg1 Qxe5 35. Qf1 Qb2 36. Qb5 Qxa2 37. Qxb7 Qa1+ 38. Kh2 Qe5+ 39. Kg1 Qe1+
40. Kh2 Qxf2 41. Qb8+ Kg7 42. Qe5+ Qf6 43. Qc7 Qd4 44. Qa5 Qb6 45. Qc3+ f6 46.
b4 d4 47. Qc5 d3 48. Qc3 Qb5 49. Qc7+ Kh6 50. Qxa7 Qxb4 51. Qe3+ Kg7 52. Qxd3
Qe7 53. Qe4 e5 54. g4 Qd6 55. Qb7+ Kh6 56. Qe4 Qd4 57. Qc2 Qf4+ 58. Kg2 e4 59.
Qe2 f5 60. gxf5 gxf5 61. Qa6+ Kh5 62. Qe2+ Kg5 63. Qb2 Qf3+ 64. Kh2 Qf4+ 65. Kg2
Qd6 66. Qg7+ Qg6 67. Qe5 Kh6+ 68. Kh2 Qg5 69. Qd6+ Qg6 70. Qd2+ Kg7 71. Qd4+ Qf6
72. Qg1+ Kf7 73. Qa7+ Qe7 74. Qa2+ Kf6 75. Qb2+ Qe5+ 76. Qxe5+ Kxe5 77. Kg3 Kd4
78. Kf4 Kd3 79. h4 e3 80. Kxf5 e2 {White resigns} 0-1

[Event "Team 45 45 League T61"]
[Site "Internet Chess Club"]
[Date "2014.06.01"]
[Round "1"]
[White "Zyme"]
[Black "gz99754539"]
[Result "1-0"]
[WhiteElo "1391"]
[BlackElo "1269"]
[Opening "Grünfeld: modern exchange variation"]
[ECO "D85"]
[Time "20:01:30"]
[TimeControl "2700+45"]

1. d4 Nf6 2. c4 g6 3. Nc3 d5 4. cxd5 Nxd5 5. e4 Nxc3 6. bxc3 Bg7 7. Nf3 c5 8.
Bc4 Nc6 9. Be3 O-O 10. O-O Qc7 11. Qc2 cxd4 12. cxd4 e6 13. Rfd1 Rd8 14. Rac1
Qb6 15. d5 Qb2 16. dxc6 Rxd1+ 17. Qxd1 bxc6 18. Rb1 Qf6 19. Bd4 Qe7 20. Bxg7
Kxg7 21. Qd4+ Kg8 22. Rd1 Bb7 23. Qd7 Qxd7 24. Rxd7 Bc8 25. Rc7 Rb8 26. h3 f6
27. Rxc8+ Rxc8 28. Bxe6+ Kg7 29. Bxc8 Kh6 30. Nd4 c5 31. Nc2 c4 32. Kf1 c3 33.
Ke2 Kh5 34. Kd3 g5 35. Kxc3 Kh4 36. Ne3 h5 37. Nf5# {Black checkmated} 1-0

[Event "Team 45 45 League T61"]
[Site "Internet Chess Club"]
[Date "2014.05.31"]
[Round "1"]
[White "browndeer"]
[Black "AlPearson"]
[Result "0-1"]
[WhiteElo "1550"]
[BlackElo "1394"]
[Opening "Caro-Kann: advance variation"]
[ECO "B12"]
[Time "10:06:55"]
[TimeControl "2700+45"]

1. e4 c6 2. d4 d5 3. e5 Bf5 4. c3 e6 5. Nf3 Nd7 6. Be2 c5 7. O-O cxd4 8. cxd4
Ne7 9. Nc3 a6 10. Bd3 b5 11. a3 Bxd3 12. Qxd3 Nf5 13. Be3 Be7 14. Rab1 O-O 15.
Rfe1 Rc8 16. Rbc1 Rc6 17. Red1 Qc7 18. h3 Rc8 19. Ne2 Nb6 20. Rxc6 Qxc6 21. Rc1
Qd7 22. Rxc8+ Qxc8 23. Qc3 Qxc3 24. Nxc3 Nxe3 25. fxe3 Nc4 26. Nd1 Kf8 27. Kf2
Ke8 28. Ke2 b4 29. axb4 Bxb4 30. g4 h6 31. Kd3 Kd7 32. Ng1 Kc6 33. Ne2 a5 34. b3
Nd2 35. Kc2 Ne4 36. Kd3 Be1 37. Kc2 Kb5 38. Nc1 Kb4 39. Nd3+ Ka3 40. Nxe1 Ng3
41. Nd3 Ne4 {White forfeits on time} 0-1

[Event "Team 45 45 League T61"]
[Site "Internet Chess Club"]
[Date "2014.06.03"]
[Round "1"]
[White "artspir"]
[Black "ArthurChenhd"]
[Result "1-0"]
[WhiteElo "1302"]
[BlackElo "1184"]
[Opening "King's Indian: London system"]
[ECO "A48"]
[Time "16:00:10"]
[TimeControl "2700+45"]

1. d4 Nf6 2. Nf3 g6 3. Bf4 Bg7 4. Nbd2 O-O 5. e3 d5 6. Bd3 Nc6 7. c3 Bg4 8. O-O
e6 9. Be2 Bf5 10. Ne5 Nxe5 11. dxe5 Ne4 12. Nxe4 Bxe4 13. f3 Bf5 14. Qb3 g5 15.
Bg3 Rb8 16. Rad1 a6 17. e4 Bg6 18. exd5 exd5 19. Rxd5 Qe7 20. Rfd1 Rfd8 21. e6
fxe6 22. Rxd8+ Rxd8 23. Rxd8+ Qxd8 24. Qxb7 Bb1 25. Qxa6 Qd5 26. Qc8+ Bf8 27. a4
Qc5+ 28. Bf2 Qe5 29. Bc4 Bf5 30. g4 Bc2 31. Bxe6+ Kg7 32. Qd7+ Kf6 33. Qf7#
{Black checkmated} 1-0

[Event "Team 45 45 League T61"]
[Site "Internet Chess Club"]
[Date "2014.05.30"]
[Round "1"]
[White "room-matt"]
[Black "jonesey"]
[Result "0-1"]
[WhiteElo "1823"]
[BlackElo "1957"]
[Opening "Bishop's opening: Berlin defense"]
[ECO "C24"]
[Time "15:34:00"]
[TimeControl "2700+45"]

1. e4 e5 2. Bc4 Nf6 3. d3 Nc6 4. Nc3 Bc5 5. f4 d6 6. Nf3 a6 7. Nd5 Nxd5 8. Bxd5
Bg4 9. Bxc6+ bxc6 10. h3 Bd7 11. Qe2 O-O 12. fxe5 dxe5 13. Nxe5 Qh4+ 14. Kd1
Rad8 15. Nf3 Qg3 16. Bg5 Rb8 17. c3 Rfe8 18. Rf1 Bd6 19. Qd2 c5 20. b3 f6 21.
Bh4 Qg6 22. g4 c4 23. bxc4 Ba3 24. Ke1 Bb2 25. Rd1 Ba4 26. g5 Bxd1 27. Kxd1 Ba3
28. gxf6 Rb1+ 29. Ke2 Rb2 30. Qxb2 Bxb2 31. Rg1 Rxe4+ 32. Kf2 Qxg1+ 33. Kxg1 Re3
34. Kg2 Bxc3 35. Kf2 Rxd3 36. Ke2 Rd7 37. fxg7 Kxg7 38. Ke3 Rd1 39. Bg3 c6 40.
a3 Ra1 41. Bd6 Rh1 42. h4 Bf6 43. Ke4 Bxh4 44. Ne5 Bg3 45. Kf3 Bxe5 46. Bxe5+
Kg6 47. Ke4 Rh4+ 48. Bf4 Kf6 49. c5 Ke6 50. a4 Rxf4+ 51. Kxf4 Kd5 {White
resigns} 0-1

[Event "Team 45 45 League T61"]
[Site "Internet Chess Club"]
[Date "2014.06.01"]
[Round "1"]
[White "rayngrant"]
[Black "Salvatore"]
[Result "0-1"]
[WhiteElo "1545"]
[BlackElo "1539"]
[Opening "Sicilian: Pelikan, Chelyabinsk variation"]
[ECO "B33"]
[Time "19:03:36"]
[TimeControl "2700+45"]

1. e4 c5 2. Nf3 Nc6 3. d4 cxd4 4. Nxd4 Nf6 5. Nc3 e5 6. Ndb5 d6 7. Bg5 a6 8. Na3
b5 9. Nd5 Be7 10. Nxe7 Qxe7 11. Be2 O-O 12. O-O Nd4 13. Bd3 Ne6 14. Bh4 Nf4 15.
Qf3 Ng6 16. Bg3 Bg4 17. Qe3 Rac8 18. f3 Be6 19. Rfd1 Nh5 20. Bf2 Nhf4 21. Bf1 f5
22. c3 fxe4 23. fxe4 Rf6 24. Qb6 Rcf8 25. Bg3 Bg4 26. Re1 h5 27. Qxa6 h4 28.
Bxf4 Nxf4 29. Qxb5 h3 30. g3 Ng2 31. Bc4+ Kh8 32. Rf1 Qa7+ 33. Kh1 Rxf1+ 34.
Rxf1 Rxf1+ 35. Bxf1 Ne3 36. Bxh3 Bf3+ 37. Kg1 Ng4+ {White resigns} 0-1

[Event "Team 45 45 League T61"]
[Site "Internet Chess Club"]
[Date "2014.06.02"]
[Round "1"]
[White "Invicta-Knight"]
[Black "KidRattler"]
[Result "0-1"]
[WhiteElo "1444"]
[BlackElo "1515"]
[Opening "Caro-Kann defense"]
[ECO "B15"]
[Time "15:00:24"]
[TimeControl "2700+45"]

1. e4 c6 2. d4 d5 3. Nc3 Nf6 4. e5 Nfd7 5. f4 Nb6 6. Bd3 e6 7. Nf3 c5 8. Be3 c4
9. Be2 Nc6 10. O-O Be7 11. a3 a6 12. Qd2 Bd7 13. b3 cxb3 14. cxb3 Na5 15. Qc2
Rc8 16. Bd3 Rc6 17. g4 Qc7 18. Bd2 h5 19. g5 Rg8 20. b4 Nac4 21. Bc1 g6 22. Nd2
Ne3 {White resigns} 0-1

[Event "Team 45 45 League T61"]
[Site "Internet Chess Club"]
[Date "2014.05.29"]
[Round "1"]
[White "arnav07"]
[Black "Kingofknights"]
[Result "0-1"]
[WhiteElo "1396"]
[BlackElo "1680"]
[Opening "Caro-Kann: advance variation"]
[ECO "B12"]
[Time "22:00:23"]
[TimeControl "2700+45"]

1. e4 c6 2. d4 d5 3. e5 Bf5 4. Nf3 e6 5. Be2 c5 6. c3 Nc6 7. O-O cxd4 8. cxd4 a6
9. Be3 h6 10. Nc3 Bb4 11. Rc1 Nge7 12. a3 Bxc3 13. Rxc3 O-O 14. Qd2 Bg6 15. Nh4
Nf5 16. Nxf5 Bxf5 17. Bxh6 Nxd4 18. Bxg7 Nxe2+ 19. Qxe2 Kxg7 20. Rg3+ Bg6 21.
Qg4 Rh8 22. Rf3 Qh4 23. Qxh4 Rxh4 24. g3 Re4 25. Rb3 b5 26. f4 Rc4 27. h4 Rac8
28. Kf2 Be4 29. Ke3 Bc2 30. Rb4 Rxb4 31. axb4 Rc4 32. Ra1 Ba4 33. Kf3 Rxb4 34.
Kg4 Rxb2 35. Rh1 d4 36. Kg5 d3 37. h5 d2 38. h6+ Kh7 39. Kf6 d1=Q 40. Rxd1 Bxd1
41. Kxf7 Bg4 {White resigns} 0-1

[Event "Team 45 45 League T61"]
[Site "Internet Chess Club"]
[Date "2014.05.29"]
[Round "1"]
[White "tightfist"]
[Black "almond123"]
[Result "1-0"]
[WhiteElo "1604"]
[BlackElo "1443"]
[Opening "Polish (Sokolsky) opening"]
[ECO "A00"]
[Time "22:10:07"]
[TimeControl "2700+45"]

1. b4 Nf6 2. Bb2 Nc6 3. b5 Na5 4. e3 b6 5. Nf3 Nb7 6. c4 g6 7. d4 Bg7 8. Bd3 c6
9. a4 c5 10. O-O O-O 11. Nc3 Na5 12. Qc2 d6 13. h3 Be6 14. d5 Bd7 15. Rfe1 e6
16. dxe6 Bxe6 17. Ne4 Nxe4 18. Bxg7 Kxg7 19. Bxe4 Rc8 20. Qc3+ Kg8 21. Nd2 Qe7
22. Bf3 Rfd8 23. Ne4 Nxc4 24. Nf6+ Kf8 25. Nxh7+ Kg8 26. Nf6+ Kf8 27. Nd5 Qh4
28. Qf6 Qxf6 29. Nxf6 Kg7 30. Nd5 Bxd5 31. Bxd5 Na5 32. e4 c4 33. Rac1 c3 34.
Re3 c2 35. Re2 Rc3 36. Rexc2 Ra3 37. Rc7 Rxa4 38. Rxf7+ Kh6 39. Rxa7 Rb4 40. Bc6
Rc8 41. Rd1 Nxc6 42. bxc6 Rxc6 43. Rd7 Rc8 44. R7xd6 Rb8 45. Re6 Rb2 46. Rdd6
Rb1+ 47. Kh2 b5 48. Rxg6+ Kh7 49. Rh6+ Kg7 50. Rb6 Rxb6 51. Rxb6 b4 52. e5 Kf7
53. Kg3 Ke7 54. f4 Rb3+ 55. Kg4 Rb2 56. g3 Kf7 57. f5 b3 58. Rb7+ Kf8 59. e6 Ke8
60. f6 Rc2 61. Rb8+ Rc8 62. Rxc8# {Black checkmated} 1-0